 Dungeon Crawl Stone Soup version 0.14.1-24-gbdbe590 (webtiles) character file.

1322 Kenran the Grappler (level 8, 0/64 HPs)
             Began as a Minotaur Monk on June 19, 2014.
             Was a Priest of Makhleb.
             Slain by a black bear (2 damage)
             ... on Level 7 of the Dungeon.
             The game lasted 00:15:27 (4771 turns).

Kenran the Grappler (Minotaur Monk)                 Turns: 4771, Time: 00:15:27

HP   0/64        AC  3     Str 21      XL: 8   Next:  2%
MP  12/12        EV 13     Int  7      God: Makhleb [***...]
Gold 297         SH  0     Dex 15      Spells:  0 memorised,  7 levels left

rFire  . . .     SeeInvis .       - Unarmed
rCold  . . .     Clarity  .     a - +0 robe
rNeg   . . .     Conserve .     (no shield)
rPois  .         rCorr    .     (helmet restricted)
rElec  .         rRot     .     (no cloak)
SustAb . .       Spirit   .     (no gloves)
rMut   .         Warding  .     s - +0 pair of boots (curse)
Saprov . . .     Stasis   .     (no amulet)
MR     .....                    (no ring)
                                r - ring of magical power

@: mighty, very slightly contaminated, not resistant to hostile enchantments,
fairly stealthy
A: retaliatory headbutt, horns 2
a: Minor Destruction, Lesser Servant of Makhleb, Renounce Religion


You were on level 7 of the Dungeon.
You worshipped Makhleb.
Makhleb was most pleased with you.
You were hungry.

You visited 1 branch of the dungeon, and saw 7 of its levels.

You collected 297 gold pieces.

Inventory:

Armour
 a - a +0 robe (worn)
 s - a cursed +0 pair of boots (worn)
Magical devices
 q - a wand of slowing (7) {unknown}
Comestibles
 b - 4 bread rations
 f - a meat ration
 j - 3 apples
Scrolls
 i - a scroll of enchant weapon I
 k - a scroll of fog
 l - 3 scrolls of magic mapping
 m - a scroll of blinking
 n - 5 scrolls of teleportation
Jewellery
 p - an uncursed amulet of conservation {unknown}
 r - a ring of magical power (left hand)
 u - an uncursed amulet of conservation {unknown}
Potions
 d - 2 potions of restore abilities
 e - 2 potions of invisibility {unknown}
 g - a potion of agility {unknown}
 h - 2 potions of confusion {unknown}
 o - a potion of curing {unknown}
 t - a potion of degeneration {unknown}
 v - 2 potions of heal wounds {unknown}
Books
 w - a Grand Grimoire {highlevel, unknown}

   This book is beyond your current level of understanding.

   Spells                             Type                      Level
   Aura of Abjuration                 Summoning                    6
   Forceful Dismissal                 Summoning                    6
   Haunt                              Necromancy/Summoning         7
   Summon Greater Demon               Summoning                    7
   Malign Gateway                     Summoning/Translocation      7
   Summon Horrible Things             Summoning                    8


   Skills:
 - Level 3.6 Fighting
 - Level 3.2 Dodging
 - Level 1.5 Stealth
 + Level 11.0 Unarmed Combat


You had 7 spell levels left.
You didn't know any spells.

Dungeon Overview and Level Annotations

Branches:
Dungeon (7/15)             Temple (0/1) D:5

Altars:
Elyvilon
Fedhas
Kikubaaqudgha
Makhleb
Nemelex Xobeh
Trog

Shops:
D:4 !   D:6 (


Innate Abilities, Weirdness & Mutations

You reflexively headbutt those who attack you in melee.
You have a pair of horns on your head.


Message History

There is a stone staircase leading up here.
A black bear is nearby!
An orc comes into view.
Drink which item? (? for menu, Esc to quit)
You feel very mighty all of a sudden.
It was a potion of might.
You closely miss the black bear. The black bear bites you.
* * * LOW HITPOINT WARNING * * *
The black bear barely misses you. The black bear claws you.
* * * LOW HITPOINT WARNING * * *
You punch the black bear! Your headbutt misses the black bear.
The black bear is moderately wounded.
The black bear bites you.
* * * LOW HITPOINT WARNING * * *
The black bear barely misses you.
The black bear claws you but does no damage.
You barely miss the black bear.
The black bear is moderately wounded.
The black bear barely misses you. The black bear claws you.
You die...

U.......#
.........#
........#
.......
..... ...
#.# #U#
#@# #.#
#.#
#.........
.........
######..o.
###


You could see a black bear.

Vanquished Creatures
  The ghost of Kenran the Archer, an average CeHu (D:4)
  An orc warrior (D:6)
  A phantom (D:3)
  An ogre (D:6)
  A big kobold (D:5)
  A crimson imp (D:5)
  A hound (D:3)
  3 orc wizards (D:6)
  2 worker ants
  8 gnolls
  8 adders
  An orc skeleton (D:6)
  5 worms
  2 giant eyeballs
  3 giant geckos
  An ooze (D:1)
  12 orcs
  9 giant cockroaches
  6 goblins
  6 hobgoblins
  15 jackals
  3 ball pythons
  11 bats
  3 giant newts (D:1)
  18 kobolds
  3 quokkas
  11 rats
  3 ballistomycetes (D:6)
140 creatures vanquished.

Vanquished Creatures (others)
  A killer bee zombie (D:6)
  A quokka (D:6)
  A giant spore (D:6)
3 creatures vanquished.

Grand Total: 143 creatures vanquished

Notes
Turn   | Place    | Note
--------------------------------------------------------------
     0 | D:1      | Kenran, the Minotaur Monk, began the quest for the Orb.
     0 | D:1      | Reached XP level 1. HP: 19/19 MP: 1/1
    81 | D:1      | Reached XP level 2. HP: 19/26 MP: 1/1
    86 | D:1      | Reached skill level 5 in Unarmed Combat
   432 | D:1      | Reached XP level 3. HP: 31/31 MP: 2/2
   927 | D:2      | Found an ancient bone altar of Kikubaaqudgha.
  1019 | D:2      | Reached skill level 6 in Unarmed Combat
  1085 | D:2      | Reached XP level 4. HP: 22/39 MP: 2/2
  1091 | D:2      | HP: 1/39 [gnoll/club (6)]
  1702 | D:3      | Found a bloodstained altar of Trog.
  1721 | D:3      | Found a blossoming altar of Fedhas.
  1888 | D:3      | Noticed a phantom
  1896 | D:3      | Reached XP level 5. HP: 23/45 MP: 2/2
  1911 | D:3      | Killed a phantom
  1911 | D:3      | Reached skill level 7 in Unarmed Combat
  2500 | D:3      | Found a sparkling altar of Nemelex Xobeh.
  2832 | D:3      | Reached skill level 8 in Unarmed Combat
  2867 | D:3      | Found a burning altar of Makhleb.
  2872 | D:3      | Reached XP level 6. HP: 47/51 MP: 3/3
  2877 | D:3      | Became a worshipper of Makhleb the Destroyer
  2877 | D:3      | Acquired Makhleb's first power
  2877 | D:3      | Acquired Makhleb's second power
  3153 | D:4      | Found Hame's Distillery.
  3214 | D:4      | Noticed Kenran's ghost (average CeHu)
  3231 | D:4      | Killed Kenran's ghost
  3231 | D:4      | Reached skill level 9 in Unarmed Combat
  3231 | D:4      | Reached XP level 7. HP: 41/57 MP: 3/3
  3241 | D:4      | Found a white marble altar of Elyvilon.
  3551 | D:5      | Entered Level 5 of the Dungeon
  3811 | D:5      | Paralysed by a giant eyeball for 3 turns
  3856 | D:5      | Acquired Makhleb's third power
  3898 | D:5      | Reached skill level 10 in Unarmed Combat
  4178 | D:5      | Found a staircase to the Ecumenical Temple.
  4405 | D:6      | Found Kamuaph's Antique Weapon Emporium.
  4742 | D:6      | Reached skill level 11 in Unarmed Combat
  4742 | D:6      | Reached XP level 8. HP: 5/64 MP: 3/3
  4769 | D:7      | HP: 3/64 [black bear (4)]
  4771 | D:7      | Slain by a black bear

Action                   |  1- 3 |  4- 6 |  7- 9 || total
-------------------------+-------+-------+-------++-------
Melee: Unarmed           |    81 |   131 |   156 ||   368
  Use: Scroll            |     3 |     4 |     3 ||    10
       Potion            |       |       |     2 ||     2
 Stab: Sleeping          |     3 |       |     1 ||     4
